 Dungeon Crawl Stone Soup version 0.25.0-11-g1f837a7 (webtiles) character file.

Game seed: 17528632307895732947

99 ratboy the Chucker (level 4, 0/38 HPs)
             Began as a Demigod Hunter on June 24, 2020.
             Slain by a gnoll
             ... wielding a +0 spear
              (6 damage)
             ... on level 4 of the Dungeon on June 25, 2020.
             The game lasted 00:04:21 (1420 turns).

ratboy the Chucker (Demigod Hunter)                 Turns: 1420, Time: 00:04:21

Health: 0/38       AC:  3    Str: 15    XL:     4   Next: 22%
Magic:  6/6        EV: 12    Int: 17    God:
Gold:   93         SH:  0    Dex: 16    Spells: 3/3 levels left

rFire    . . .     SeeInvis .   a - +0 short sword
rCold    . . .     Gourm    .   (no shield)
rNeg     . . .     Faith    .   b - +0 leather armour
rPois    .         Spirit   .   (no helmet)
rElec    .         Reflect  .   (no cloak)
rCorr    .         Harm     .   (no gloves)
MR       .....                  (no boots)
Stlth    ++........             (no amulet)
HPRegen  0.12/turn              (no ring)
MPRegen  0.10/turn              (no ring)

@: lethally poisoned (0 -> -5)
A: high mp 1
a: no special abilities


You were on level 4 of the Dungeon.
You were not hungry.

You visited 1 branch of the dungeon, and saw 4 of its levels.

You collected 93 gold pieces.

Inventory:

Hand Weapons
 a - a +0 short sword (weapon)
 e - a +2 dagger of speed
 i - a +0 battleaxe
Missiles
 c - 6 javelins (quivered)
 d - 2 throwing nets
 k - 18 poisoned darts
 l - 55 stones
Armour
 b - a +0 leather armour (worn)
 g - a +0 pair of boots
Scrolls
 h - a scroll of amnesia {unknown}
 m - 3 scrolls of remove curse {unknown}
 n - 3 scrolls of noise {unknown}
 o - a scroll of immolation {unknown}
 p - a scroll of magic mapping {unknown}
Potions
 j - a potion of might {unknown}
Comestibles
 f - 5 chunks of flesh


   Skills:
 + Level 3.3 Fighting
 + Level 4.6 Throwing
 - Level 1.7 Dodging
 - Level 0.8 Stealth


You had 3 spell levels left.
You didn't know any spells.
Your spell library was empty.

Dungeon Overview and Level Annotations

Branches:
Dungeon (4/15)             Temple (0/1) D:4


Innate Abilities, Weirdness & Mutations

You have an increased reservoir of magic. (+10% MP)


Message History

* * * LOW HITPOINT WARNING * * *
The adder barely misses you.
Found a stone staircase leading down.
You feel sick.
The leopard gecko bites you but does no damage.
You feel sick.
The gnoll hits you from afar with a +0 spear.
* * * LOW HITPOINT WARNING * * *
Found a scroll labeled SIDOXK SAIPN.
The adder bites you.
* * * LOW HITPOINT WARNING * * *
You are more poisoned.
The adder poisons you! The leopard gecko misses you.
You feel sick. The adder barely misses you.
You feel sick. The leopard gecko bites you.
* * * LOW HITPOINT WARNING * * *
There is a stone staircase leading down here.
The adder bites you but does no damage.
The gnoll hits you from afar with a +0 spear.
You die...

# # # .#. # #. .###. ...
.# ... ... .##..####...
.... ##.# ...l.#... #
..... ..# #.#.... .#
......##.####.##.# #.##.
.......pS........###.....
.....###lO##.g#..........
... #..ggg............. .
###.g..............
###.#####........
#?......# #.g..#....
........# ###...##..
....###....##.#..##.. ##.
##.#<..........


You could see an ogre, a gnoll shaman, 4 gnolls, an adder and a leopard gecko.

Vanquished Creatures
  An iguana (D:4)
  2 adders (D:2)
  2 oozes
  2 dart slugs
  A leopard gecko (D:1)
  2 orcs
  6 bats
  4 giant cockroaches
  5 goblins
  4 hobgoblins
  A frilled lizard (D:2)
  5 kobolds
  4 rats
39 creatures vanquished.

Notes
Turn   | Place    | Note
-------+----------+-------------------------------------------
     0 | D:1      | ratboy the Demigod Hunter began the quest for the Orb.
     0 | D:1      | Reached XP level 1. HP: 17/17 MP: 3/3
   364 | D:1      | Reached XP level 2. HP: 21/24 MP: 4/4
   476 | D:1      | Reached skill level 4 in Throwing
   687 | D:2      | Reached XP level 3. HP: 9/30 MP: 5/5
  1370 | D:4      | Reached XP level 4. HP: 19/38 MP: 6/6
  1386 | D:4      | Found a staircase to the Ecumenical Temple.
  1401 | D:4      | Noticed an ogre
  1420 | D:4      | Slain by a gnoll

Illustrated notes

Levels and vault maps discovered:
D:1:      wander_arrival_chamber, layout_rooms
D:2:      layout_rooms, serial_bayou, serial_bayou_pond_b,
          serial_bayou_lagoon_a, serial_bayou_shore_b, serial_bayou_pond_a,
          minmay_misc_feat_room
D:3:      layout_basic, minmay_statues_item
D:4:      layout_cave_pools, dancing_weapons_uskayaw,
          minmay_temple_entry_offerings, corexii_checkpoint_a, minmay_pentangle

Skill      XL: |  1  2  3 |
---------------+----------+-----
Fighting       | 2 3 |  3.3
Throwing       | 4 |  4.6
Dodging        | |  1.7
Stealth        | |  0.8

Action                   |  1- 3 |  4- 6 || total
-------------------------+-------+-------++-------
Melee: Short sword       |   160 |       ||   160
Throw: Javelin           |     7 |       ||     7
 Stab: Sleeping          |     1 |       ||     1
  Eat: Ration            |     1 |       ||     1
Armor: Leather armour    |    37 |     2 ||    39
Dodge: Dodged            |   118 |     8 ||   126
